AoeStats
← giakimo3651

Arabia

507137146Analyzed
1v1 RM · 17d ago on Sep 16, 2026· 34m 30s· 2 players
Game mode
Random Map
Map size
Tiny (2 player)
Population
200
Speed
Normal
Resources
Standard
Victory
Conquest
Starting age
Dark Age
Ending age
Imperial Age
RankedLock teamsTeams togetherTeam positionsShared explorationLock speedFull tech treeHidden civsTurbo modeCheats
Victory
Defeat
🇩🇪 Armenians · Germany
869
+15
🇮🇹 Teutons · Italy
856
-15
giakimo3651
10:30 Feudal Age
10:54 Horse Collar
11:03 Double-Bit Axe
21:10 Castle Age
21:31 Scale Barding Armor
21:39 Forging
22:25 Heavy Plow
23:49 Gold Mining
24:20 Bow Saw
27:58 Padded Archer Armor
28:09 Stone Mining
28:33 Elite Skirmisher
30:07 Wheelbarrow
30:45 Fletching
32:49 Chain Barding Armor
33:05 Iron Casting
Elow
3:11 Loom
10:41 Feudal Age
11:35 Man-at-Arms
13:09 Double-Bit Axe
13:17 Long Swordsman
15:15 Arson
15:45 Scale Mail Armor
20:25 Gold Mining
21:46 Forging
25:16 Fletching
25:29 Padded Archer Armor
28:02 Castle Age
28:06 Two-Handed Swordsman
28:32 Gambesons
28:47 Squires
29:33 Chain Mail Armor
30:17 Iron Casting
32:06 Bodkin Arrow
32:24 Stone Mining
Connection lost

Rejoining the realm…

Still unreachable

The connection could not be restored.

Session expired

The server has moved on; the page needs a fresh start.